 Dungeon Crawl Stone Soup version 0.29.1-4-g47bece8355 (webtiles) character file.

Game seed: 163477488753621322

360458 p00ps00p the Executioner (level 22, -4/222 HPs)
             Began as a Hill Orc Fighter on Dec 2, 2022.
             Was an Initiate of Gozag.
             Killed from afar by an ironbound thunderhulk (29 damage)
             ... with a bolt of lightning
             ... on level 2 of the Vaults.
             The game lasted 02:10:23 (50752 turns).

p00ps00p the Executioner (Hill Orc Fighter)        Turns: 50752, Time: 02:10:24

Health: -4/222     AC: 40    Str: 35    XL:     22   Next: 43%
Magic:  22/22      EV:  8    Int: 20    God:    Gozag
Gold:   2846       SH: 32    Dex: 10    Spells: 21/21 levels left

rFire   + + .      SeeInvis .   R - +7 war axe "Woes" {speed, rF+}
rCold   . . .      Faith    .   U - +6 tower shield of Negation {Stlth+}
rNeg    . . .      Spirit   .   S - +7 plate armour "Uwiazuku" {Stlth+}
rPois   +          Reflect  +   s - +0 helmet of Howling Wind {rF+ Will++}
rElec   .          Harm     .   t - +2 cloak {rCorr}
rCorr   +          Rampage  .   h - +3 pair of gauntlets of War {Slay+5}
Will    +++..                   N - +1 pair of boots "Luracadgh" {Str+5 Int+4}
Stlth   ..........              X - amulet of reflection
HPRegen 0.47/turn               G - ring "Zigytuutt" {rPois Int+6 Slay+4}
MPRegen 0.18/turn               W - ring of Asceticism {Int+2 Slay+4}

@: marked, gold aura, studying 2 skills
A: subdued magic 1
}: 2/15 runes: decaying, serpentine
a: Renounce Religion, Potion Petition, Call Merchant, Bribe Branch


You were on level 2 of the Vaults.
You worshipped Gozag.
Gozag was most pleased with you.
You visited 8 branches of the dungeon, and saw 36 of its levels.
You also visited: Sewer, Ossuary, Gauntlet, Volcano, Wizlab and Desolation.

You collected 18228 gold pieces.
You spent 6640 gold pieces at shops.
You paid 8742 gold pieces to Gozag.

Inventory:

Hand Weapons
 e - a +5 broad axe of draining
 q - the +9 war axe of Mandamus {holy, SInv}
   (You acquired it on level 4 of the Dungeon)

   It has been blessed by the Shining One to cause great damage to the undead
   and demons.
   SInv:      It lets you see invisible.
 F - the +8 whip "Snakebite" {venom, curare, rPois}
   (You took it off a deep elf high priest on level 3 of the Elven Halls)

   It poisons the flesh of those it strikes.
   It occasionally inflicts asphyxiating poison on those it strikes, dealing
   poison damage and causing slowness.
   rPois:     It protects you from poison.
 J - a +2 hand axe of flaming
 R - the +7 war axe "Woes" (weapon) {speed, rF+}
   (You bought it in a shop on level 15 of the Dungeon)

   Attacks with this weapon are significantly faster.
   rF:        It protects you from fire.
 Z - the +7 war axe of Loifink {drain, rC+ rN+ rCorr}
   (You bought it in a shop on level 15 of the Dungeon)

   A truly terrible weapon, it drains the life of any living foe it strikes.
   rC:        It protects you from cold.
   rN:        It protects you from negative energy.
   rCorr:     It protects you from acid and corrosion.
Missiles
 H - 11 silver javelins (quivered)
 K - 2 throwing nets
Armour
 h - the +3 pair of gauntlets of War (worn) {Slay+5}
   (You found it in the Desolation of Salt)

   Slay:      It affects your accuracy & damage with ranged weapons and melee
   (+5).
 p - a +2 cloak of stealth
 s - the +0 helmet of Howling Wind (worn) {rF+ Will++}
   (You found it in a Gauntlet)

   rF:        It protects you from fire.
   Will:      It greatly increases your willpower.
 t - a +2 cloak of preservation (worn)
 N - the +1 pair of boots "Luracadgh" (worn) {Str+5 Int+4}
   (You bought it in a shop on level 5 of the Lair of Beasts)

   Str:       It affects your strength (+5).
   Int:       It affects your intelligence (+4).
 O - +4 ice dragon scales
 P - a +2 pair of boots of stealth
 S - the +7 plate armour "Uwiazuku" (worn) {Stlth+}
   (You bought it in a shop on level 5 of the Lair of Beasts)

   Stlth:     It makes you more stealthy.
 T - a +5 tower shield of reflection
 U - the +6 tower shield of Negation (worn) {Stlth+}
   (You found it in a Gauntlet)

   Stlth:     It makes you more stealthy.
Jewellery
 a - the ring "Kiuneipn" {rElec rPois Str+4}
   (You found it in the Desolation of Salt)

   [ring of poison resistance]

   Str:       It affects your strength (+4).
   rElec:     It insulates you from electricity.
   rPois:     It protects you from poison.
 G - the ring "Zigytuutt" (left hand) {rPois Int+6 Slay+4}
   (You found it in the Desolation of Salt)

   [ring of slaying]

   Int:       It affects your intelligence (+6).
   Slay:      It affects your accuracy & damage with ranged weapons and melee
   (+4).
   rPois:     It protects you from poison.
 W - the ring of Asceticism (right hand) {Int+2 Slay+4}
   (You bought it in a shop on level 9 of the Dungeon)

   [ring of slaying]

   Int:       It affects your intelligence (+2).
   Slay:      It affects your accuracy & damage with ranged weapons and melee
   (+4).
 X - an amulet of reflection (around neck)
Wands
 x - a wand of iceblast (37)
 y - a wand of acid (4)
 B - a wand of flame (54)
 E - a wand of mindburst (8)
 V - a wand of charming (13)
 Y - a wand of digging (18)
Scrolls
 b - 5 scrolls of fog
 c - 4 scrolls of summoning
 f - a scroll of brand weapon
 i - 2 scrolls of blinking
 j - 3 scrolls of poison
 m - 6 scrolls of fear
 L - 25 scrolls of teleportation
 M - 3 scrolls of silence
 Q - 5 scrolls of magic mapping
Potions
 g - 6 potions of haste
 k - 12 potions of brilliance
 l - 18 potions of curing
 n - 3 potions of ambrosia
 o - 6 potions of heal wounds
 r - 4 potions of mutation
 u - 5 potions of flight
 v - a potion of magic
 w - 8 potions of berserk rage
 z - 5 potions of cancellation
 A - 7 potions of resistance
 D - 5 potions of might
 I - 2 potions of invisibility
Miscellaneous
 d - a condenser vane
 C - a phantom mirror


   Skills:
 + Level 23.6 Fighting
 + Level 25.3 Axes
 + Level 21.9 Armour
 + Level 21.9 Shields


You had 21 spell levels left.
You didn't know any spells.
Your spell library contained the following spells:

 Spells                   Type           Power      Damage    Failure   Level
 Apportation              Tloc           0%         N/A       67%         1
 Beastly Appendage        Tmut           0%         N/A       67%         1
 Freeze                   Ice            0%         1d3       67%         1
 Magic Dart               Conj           0%         1d3       67%         1
 Slow                     Hex            0%         N/A       67%         1
 Sting                    Tmut/Pois      0%         1d3       67%         1
 Blink                    Tloc           0%         N/A       80%         2
 Call Imp                 Summ           0%         N/A       80%         2
 Passwall                 Tmut/Erth      0%         N/A       80%         2
 Poisonous Vapours        Pois/Air       0%         N/A       80%         2
 Wereblood                Tmut           0%         N/A       80%         2
 Call Canine Familiar     Summ           0%         N/A       96%         3
 Conjure Flame            Conj/Fire      0%         6-21      96%         3
 Frozen Ramparts          Ice            0%         1d1       96%         3
 Gell's Gravitas          Tloc           0%         N/A       96%         3
 Inner Flame              Hex/Fire       0%         N/A       96%         3
 Lesser Beckoning         Tloc           0%         N/A       96%         3
 Mephitic Cloud           Conj/Pois/Air  0%         N/A       96%         3
 Portal Projectile        Hex/Tloc       0%         N/A       96%         3
 Spider Form              Tmut/Pois      0%         N/A       96%         3
 Summon Guardian Golem    Hex/Summ       0%         N/A       96%         3
 Teleport Other           Tloc           0%         N/A       96%         3
 Tukima's Dance           Hex            0%         N/A       96%         3
 Airstrike                Air            0%         2d(0-16)  100%        4
 Animate Armour           Summ/Erth      0%         N/A       100%        4
 Cause Fear               Hex            0%         N/A       100%        4
 Dispel Undead            Necr           0%         3d6       100%        4
 Fulminant Prism          Conj/Hex       0%         3d6       100%        4
 Hailstorm                Conj/Ice       0%         3d3       100%        4
 Ice Form                 Ice/Tmut       0%         N/A       100%        4
 Leda's Liquefaction      Hex/Erth       0%         N/A       100%        4
 Olgreb's Toxic Radiance  Pois           0%         N/A       100%        4
 Passage of Golubria      Tloc           0%         N/A       100%        4
 Petrify                  Tmut/Erth      0%         N/A       100%        4
 Summon Ice Beast         Ice/Summ       0%         N/A       100%        4
 Summon Lightning Spire   Summ/Air       0%         N/A       100%        4
 Alistair's Intoxication  Tmut/Pois      0%         N/A       100%        5
 Blade Hands              Tmut           0%         N/A       100%        5
 Fireball                 Conj/Fire      0%         3d3       100%        5
 Freezing Cloud           Conj/Ice/Air   0%         6-21      100%        5
 Iskenderun's Battlesphe  Conj           0%         2d6       100%        5
 Lightning Bolt           Conj/Air       0%         1d11      100%        5
 Manifold Assault         Tloc           0%         N/A       100%        5
 Metabolic Englaciation   Hex/Ice        0%         N/A       100%        5
 Silence                  Hex/Air        0%         N/A       100%        5
 Summon Mana Viper        Hex/Summ       0%         N/A       100%        5
 Yara's Violent Unravell  Hex/Tmut       0%         3d3       100%        5
 Death Channel            Necr           0%         N/A       100%        6
 Dispersal                Tloc           0%         N/A       100%        6
 Iron Shot                Conj/Erth      0%         9d1       100%        6
 Starburst                Conj/Fire      0%         6d3       100%        6
 Statue Form              Tmut/Erth      0%         N/A       100%        6
 Summon Cactus Giant      Summ           0%         N/A       100%        6
 Haunt                    Necr/Summ      0%         N/A       100%        7
 Malign Gateway           Summ/Tloc      0%         N/A       100%        7
 Monstrous Menagerie      Summ           0%         N/A       100%        7
 Orb of Destruction       Conj           0%         9d5       100%        7
 Ozocubu's Refrigeration  Ice            0%         4d7       100%        7
 Spellforged Servitor     Conj/Summ      0%         N/A       100%        7
 Discord                  Hex            0%         N/A       100%        8
 Disjunction              Tloc           0%         N/A       100%        8
 Ignition                 Fire           0%         3d3       100%        8
 Infestation              Necr           0%         N/A       100%        8
 Lehudib's Crystal Spear  Conj/Erth      0%         10d2      100%        8
 Polar Vortex             Ice            0%         N/A       100%        9
 Animate Dead             Necr           Unusable   N/A       N/A         4
 Corpse Rot               Necr/Pois/Air  Unusable   N/A       N/A         4
 Simulacrum               Ice/Necr       Unusable   N/A       N/A         6

Dungeon Overview and Level Annotations

Branches:
Dungeon (15/15)            Temple (1/1) D:5            Lair (5/5) D:10
  Swamp (4/4) Lair:2        Snake (4/4) Lair:2        Slime (0/5) Lair:5
    Orc (2/2) D:10            Elf (3/3) Orc:2        Vaults (2/5) D:13
  Crypt (0/3) Vaults:2     Depths (0/4) D:15          Sewer (visited)
Ossuary (visited)         Volcano (visited)          WizLab (visited)
Desolation (visited)      Gauntlet (visited)

Altars:
Ashenzari
Cheibriados
Dithmenos
Elyvilon
Fedhas
Gozag
Kikubaaqudgha
Nemelex Xobeh
Ru
Sif Muna
Vehumet
Wu Jian
Xom
Yredelemnul
Zin
Beogh
Jiyva

Shops:
D:4 *=   D:9 =   D:10 *   D:15 (   Orc:1 :   Orc:2 (**(   Elf:3 ?   Lair:2 ?[
Lair:5 [   Snake:1 *?   Snake:3 *(([   Snake:4 ?   Vaults:1 *

Portals:
Trove: D:11 (give +6 ice dragon scales)

Annotations:
Swamp:1 3 runed translucent doors, VictoriousLee's ghost, adept GrEE


Innate Abilities, Weirdness & Mutations

Your spells are a little easier to cast, but a little less powerful.


Message History

The lindwurm is severely wounded.
You slash the centaur warrior! You hit the vault sentinel.
You block the centaur warrior's attack. x2; You block the lindwurm's attack.
The lindwurm claws you but does no damage. x2
The vault sentinel hits you but does no damage.
Electricity crackles from the ironbound thunderhulk's apparatus.
The bolt of lightning hits you!!!
* * * LOW HITPOINT WARNING * * *
You slice the lindwurm!!
You kill the lindwurm!
You slice the vault sentinel!!
You kill the vault sentinel!
You hit the centaur warrior.
You block the centaur warrior's attack. x2
Unknown command.
You block the centaur warrior's attack. x2
The ironbound thunderhulk is distracted by your dazzling golden aura.
The centaur warrior is distracted by your dazzling golden aura.
You see here 19 gold pieces.
The ironbound thunderhulk shouts!
You slash the centaur warrior!
The centaur warrior is no longer distracted by gold.
The centaur warrior is heavily wounded.
You slice the centaur warrior!!
The centaur warrior is almost dead.
You block the centaur warrior's attack. x2
You open the centaur warrior like a pillowcase!!!
You kill the centaur warrior!
The ironbound thunderhulk is no longer distracted by gold.
Electricity crackles from the ironbound thunderhulk's apparatus.
The bolt of lightning hits you!!
* * * LOW HITPOINT WARNING * * *
Blink to where?
Press: ? - help, Q - select action, (/) - cycle Dir - move target
As you read the scroll of blinking, it crumbles to dust.
You open the door.
There is an open door here.
Electricity crackles from the ironbound thunderhulk's apparatus.
The bolt of lightning hits you!!
You die...
Your body crumbles into a pile of gold.

#.........# #.)....#
*,,*,*,*,
#.........###+######
*,,,,,*,,
#.........+.......#
*,,*,*,*>
####.........#..)....#
*,,*,,,,,
..############.......#
*,,***,** ..#********
#.......# *,,,,,,,,
..#*,,,,,,* #..)....#
*,,,,,,,, ..#*,,**,,*
#.......# **+******
..#*,,**,,* #..@....#
*,,,,,,,, ..#*,,**,,*
#.......# *,,,,,,,,
###*,,,,,,* #.......#
*,,,,,,,,
###***++****###'##+###
*,,,,,,,,
...*,,,,,,,,#......#
*,,,,,,,,
...*,,,,,**,#......#
*,,,,,,,,
...*,,,,,,*,#.O##$.#
*,,,,,,,,
###*****#,,,#.#..#$#
*,,,,,,,,
#.,,#.#..#$######********


You could see an ironbound thunderhulk.

Vanquished Creatures
  Vashnia (Snake:2)
  Nikola (Snake:1)
  Jorgrun (Snake:2)
  A walking frostbound tome (WizLab)
  3 deep elf master archers (Elf:3)
  A walking divine tome (WizLab)
  2 deep elf blademasters (Elf:3)
  Kirke (Lair:5)
  3 sphinxes
  The ghost of wingedge the Arsonist, an adept DgEE (Swamp:2)
  2 thorn hunters (Swamp:4)
  Roxanne (Snake:2)
  Donald (Swamp:2)
  The ghost of Kicir the Blocker, an adept GnFi of Okawaru (Snake:1)
  2 nagarajas
  A strange machine (WizLab)
  An imperial myrmidon (Desolation)
  10 deep elf sorcerers (Elf:3)
  9 vault wardens
  4 deep elf elementalists
  Aizul (Snake:2)
  2 ghouls (Swamp:2)
  4 vampire knights
  5 ironbound preservers
  3 very ugly things (Vaults:2)
  An eleionoma (Swamp:2)
  An ironbound thunderhulk (Vaults:1)
  Nessos (Lair:4)
  3 deep elf demonologists (Elf:3)
  2 bunyips
  8 deep elf annihilators
  An entropy weaver (Vaults:1)
  A bunyip (shapeshifter) (Elf:1)
  A halazid warlock (Desolation)
  5 dire elephants (Vaults:1)
  A minotaur (Gauntlet)
  2 deep elf death magi
  A fire dragon (D:14)
  Snorg (Lair:4)
  An ettin (Vaults:2)
  4 crystal guardians (Desolation)
  6 ragged hierophants (Desolation)
  4 shambling mangroves (Swamp:4)
  2 yaktaur captains
  3 servants of whispers (Desolation)
  A quicksilver dragon zombie (D:15)
  The ghost of qeuew the Cleaver, a journeyman MiBe of Trog (D:9)
  3 deep elf high priests (Elf:3)
  The ghost of PhantomBowie the Fighter, a journeyman GrBe of Trog (Lair:1)
  2 great orbs of eyes
  A quicksilver dragon skeleton (D:15)
  7 rakshasas (WizLab)
  2 salamander tyrants
  13 vault guards
  3 catoblepae (Lair:5)
  5 peacekeepers
  5 boulder beetles
  21 hydras
  2 ogre magi
  16 anacondas
  10 centaur warriors
  8 ghost crabs
  4 ironbound frosthearts
  39 dancing weapons
  15 naga warriors
  15 two-headed ogres
  5 death yaks (Lair:5)
  A titan zombie (D:15)
  9 alligators
  18 naga sharpshooters
  A spriggan berserker (Swamp:3)
  Urug (D:12)
  6 orc high priests
  7 shock serpents
  Nergalle (D:11)
  7 salamander mystics (Snake:4)
  A sixfirhy (Gauntlet)
  17 deep elf knights
  4 sea snakes (Snake:4)
  4 spriggan druids
  8 goliath frogs
  5 skeletal warriors
  9 swamp dragons
  8 deep trolls
  15 deep elf archers
  9 wizards
  12 naga ritualists
  3 flayed ghosts
  A glowing orange brain (Vaults:2)
  6 harpies (Vaults:1)
  13 lindwurms
  2 bog bodies (Swamp:4)
  4 spectral hydras (Swamp:4)
  A necromancer (D:15)
  11 ironbound convokers
  6 orc knights
  14 ugly things
  25 deep elf zephyrmancers
  24 deep elf pyromancers
  23 mana vipers
  An orc sorcerer (Elf:2)
  4 oklob plants
  2 will-o-the-wisps
  19 salamanders
  A sphinx skeleton (D:15)
  4 cyclopes
  6 manticores
  11 elephants
  5 toenail golems (Volcano)
  10 vault sentinels
  Maurice (D:12)
  12 guardian serpents
  9 naga magi
  7 cane toads
  Joseph (D:9)
  A molten gargoyle (Desolation)
  5 gargoyles
  52 black mambas
  A torpor snail (Lair:1)
  14 rime drakes
  2 unseen horrors
  A kobold demonologist (D:9)
  15 yaktaurs
  2 tengu conjurers (D:15)
  8 komodo dragons
  2 freezing wraiths
  2 death drake zombies (Swamp:4)
  3 meliai (D:11)
  10 trolls
  4 hydra zombies (Swamp:4)
  5 hornets
  A bloated husk (Swamp:3)
  6 tyrant leeches
  8 blink frogs
  16 slime creatures
  A hornet (shapeshifter) (Elf:3)
  A hydra skeleton (Swamp:4)
  38 saltlings
  Grinder (D:3)
  12 dream sheep
  A vampire (D:13)
  An air elemental (Elf:2)
  8 flying skulls
  5 spriggans
  A wyvern (D:8)
  67 yaks
  4 wraiths
  3 shadows
  3 fire elementals (Elf:1)
  8 basilisks
  5 hogs (Lair:5)
  8 steam dragons
  Eustachio (D:5)
  14 vampire mosquitoes
  Menkaure (D:7)
  6 wargs
  2 redbacks (Vaults:1)
  13 swamp worms
  Edmund (D:5)
  37 nagas
  2 acid dragons
  2 hydra simulacra (Swamp:4)
  6 swamp drakes
  15 water moccasins
  36 orc warriors
  Pargi (Sewer)
  2 black bears
  An ice beast (shapeshifter) (Elf:1)
  3 swamp dragon zombies (Swamp:4)
  4 ogres
  A centaur (D:8)
  A swamp dragon skeleton (Swamp:4)
  4 elf zombies (Ossuary)
  Blork the orc (D:5)
  2 kobold brigands
  6 necrophages
  11 bullfrogs
  3 scorpions
  4 earth elementals
  5 wights (D:7)
  32 killer bees
  3 howler monkeys
  3 electric eels
  A centaur zombie (Ossuary)
  3 hounds
  3 human zombies (Ossuary)
  A gnoll bouda (D:6)
  3 jellies
  34 orc priests
  3 iguanas
  26 orc wizards
  4 hell rats (Lair:4)
  2 mummies (Ossuary)
  6 adders
  15 gnolls
  2 river rats (D:3)
  A shadow imp (D:7)
  4 white imps
  6 ufetubi
  An adder zombie (Ossuary)
  2 worms
  A dart slug (D:4)
  70 orcs
  4 endoplasms
  2 giant cockroaches (D:4)
  5 goblins
  7 hobgoblins
  2 jackals (Sewer)
  9 kobolds
  7 quokkas
  7 ball pythons
  5 bats
  3 frilled lizards
  A goblin zombie (Ossuary)
  6 hobgoblin zombies (Ossuary)
  16 kobold zombies (Ossuary)
  5 orc zombies (Ossuary)
  7 rats
  6 briar patches (Swamp:4)
  5 pillars of salt (Desolation)
1492 creatures vanquished.

Vanquished Creatures (others)
  An eleionoma (Swamp:2)
  A deep elf high priest (Elf:3)
  A will-o-the-wisp (Swamp:4)
  4 bloated husks
  3 vampire mosquitoes
  A swamp drake (Swamp:4)
  4 demonic plants (Gauntlet)
  19 fungi
  71 plants
  15 withered plants
120 creatures vanquished.

Grand Total: 1612 creatures vanquished

Notes
Turn   | Place    | Note
-------+----------+-------------------------------------------
     0 | D:1      | p00ps00p the Hill Orc Fighter began the quest for the Orb.
     0 | D:1      | Reached XP level 1. HP: 19/19 MP: 1/1
   149 | D:1      | Found a faded altar of an unknown god.
   390 | D:1      | Reached XP level 2. HP: 26/27 MP: 2/2
   466 | D:1      | Reached skill level 3 in Axes
   768 | D:2      | Identified the +1 ring mail of Iciloc {Contam *Slow rCorr
                  | Dex+7}
   856 | D:2      | Reached XP level 3. HP: 33/33 MP: 3/3
   890 | D:2      | Reached XP level 4. HP: 2/40 MP: 4/4
  2090 | D:3      | Found a glowing drain.
  2095 | Sewer    | Entered a sewer
  2379 | Sewer    | Noticed Pargi
  2383 | Sewer    | Killed Pargi
  2384 | Sewer    | Reached skill level 4 in Axes
  2384 | Sewer    | Reached XP level 5. HP: 47/47 MP: 5/5
  2952 | D:3      | Reached skill level 5 in Fighting
  3063 | D:3      | Found a broken altar of Ashenzari.
  3066 | D:3      | Found an ancient bone altar of Kikubaaqudgha.
  3066 | D:3      | Found a radiant altar of Vehumet.
  3070 | D:3      | Reached XP level 6. HP: 56/56 MP: 6/6
  3070 | D:3      | Found a white marble altar of Elyvilon.
  3163 | D:3      | Noticed Grinder
  3170 | D:3      | Killed Grinder
  3171 | D:3      | Reached skill level 5 in Axes
  3171 | D:3      | Reached skill level 5 in Armour
  3302 | D:4      | Identified a scroll of acquirement
  3302 | D:4      | Acquired the +9 war axe of Mandamus {holy, SInv}
  3343 | D:4      | Found a shimmering blue altar of Sif Muna.
  3396 | D:4      | Reached skill level 5 in Shields
  3422 | D:4      | Reached XP level 7. HP: 57/61 MP: 7/7
  3520 | D:4      | Found Bawk's Jewellery Emporium.
  3778 | D:4      | Identified the +3 spear "Xeaturer" {spect, Fly rC+ Str+3}
  3924 | D:4      | Found Ytunimon's Assorted Antiques.
  4040 | D:5      | Entered Level 5 of the Dungeon
  4176 | D:5      | Reached skill level 6 in Axes
  4272 | D:5      | Found a staircase to the Ecumenical Temple.
  4409 | Temple   | Entered the Ecumenical Temple
  4418 | Temple   | Became a worshipper of Gozag Ym Sagoz the Greedy
  4445 | D:5      | Noticed Edmund
  4453 | D:5      | Killed Edmund
  4454 | D:5      | Reached XP level 8. HP: 30/71 MP: 8/8
  4540 | D:5      | Noticed Blork the orc
  4549 | D:5      | Killed Blork the orc
  4607 | D:5      | Found a sand-covered staircase.
  4617 | Ossuary  | Entered an ossuary
  4860 | Ossuary  | Reached skill level 7 in Axes
  5003 | D:5      | Noticed Eustachio
  5014 | D:5      | Killed Eustachio
  5015 | D:5      | Reached XP level 9. HP: 76/79 MP: 9/9
  5112 | D:5      | Found an ornate altar of the Wu Jian Council.
  5377 | D:6      | Reached skill level 8 in Axes
  6747 | D:7      | Noticed Menkaure
  6754 | D:7      | Killed Menkaure
  6904 | D:7      | Reached skill level 9 in Axes
  7106 | D:7      | Reached XP level 10. HP: 77/91 MP: 10/10
  7930 | D:8      | Found a sparkling altar of Nemelex Xobeh.
  7962 | D:8      | Reached skill level 10 in Axes
  8683 | D:9      | Noticed Joseph
  8694 | D:9      | Killed Joseph
  8695 | D:9      | Reached skill level 10 in Fighting
  9030 | D:9      | Noticed a kobold demonologist
  9034 | D:9      | Killed a kobold demonologist
  9056 | D:9      | Found a shimmering altar of Xom.
  9071 | D:9      | Reached skill level 11 in Axes
  9071 | D:9      | Reached XP level 11. HP: 96/101 MP: 11/11
  9473 | D:9      | Identified the +0 pair of boots of Chill Winds {Int+2
                  | Dex+4}
  9569 | D:9      | Found a runed translucent door.
  9569 | D:9      | Noticed qeuew's ghost (journeyman MiBe)
  9693 | D:9      | Noticed a boulder beetle
  9976 | D:9      | Killed qeuew's ghost
  9977 | D:9      | Reached skill level 10 in Armour
 10204 | D:10     | Entered Level 10 of the Dungeon
 10745 | D:10     | Reached skill level 10 in Shields
 10789 | D:10     | Found Veasaico's General Store.
 11083 | D:10     | Noticed a deep elf pyromancer
 11087 | D:10     | Found a staircase to the Orcish Mines.
 11094 | D:10     | Killed a deep elf pyromancer
 11125 | D:10     | Identified the +3 chain mail "Bipita Besh" {Stlth+}
 11152 | Orc:1    | Entered Level 1 of the Orcish Mines
 11238 | Orc:2    | Entered Level 2 of the Orcish Mines
 11243 | Orc:2    | Found a staircase to the Elven Halls.
 11302 | Orc:2    | Found a gate leading to a gauntlet.
 11313 | Gauntlet | Entered a Gauntlet
 11313 | Gauntlet | Noticed a sixfirhy
 11313 | Gauntlet | Found a transporter.
 11313 | Gauntlet | Found a transporter.
 11465 | Gauntlet | Found a transporter.
 11468 | Gauntlet | Found a transporter.
 11468 | Gauntlet | Found a transporter.
 11468 | Gauntlet | Found a transporter.
 11470 | Gauntlet | Noticed a fire crab
 11470 | Gauntlet | a cane toad changed into a fire crab
 11478 | Gauntlet | a fire crab changed into an elephant
 11482 | Gauntlet | Noticed a wizard
 11487 | Gauntlet | Found a transporter.
 11489 | Gauntlet | Found a transporter.
 11489 | Gauntlet | Found a large runed translucent door.
 11490 | Gauntlet | Found a large runed translucent door.
 11491 | Gauntlet | Found a large runed translucent door.
 11491 | Gauntlet | Found a large runed translucent door.
 11491 | Gauntlet | Found a runed translucent door.
 11491 | Gauntlet | Found a runed translucent door.
 11492 | Gauntlet | Found a large runed translucent door.
 11492 | Gauntlet | Found a large runed translucent door.
 11492 | Gauntlet | Found a large runed translucent door.
 11492 | Gauntlet | Found a large runed translucent door.
 11493 | Gauntlet | Found a large runed translucent door.
 11493 | Gauntlet | Found a large runed translucent door.
 11494 | Gauntlet | Found a large runed translucent door.
 11494 | Gauntlet | Found a large runed translucent door.
 11495 | Gauntlet | Found a runed translucent gate.
 11495 | Gauntlet | Found a runed translucent gate.
 11495 | Gauntlet | Found a runed translucent gate.
 11497 | Gauntlet | Found a transporter.
 11501 | Gauntlet | Found a transporter.
 11501 | Gauntlet | Found a transporter.
 11507 | Gauntlet | Found a large runed translucent door.
 11508 | Gauntlet | Found a large runed translucent door.
 11517 | Gauntlet | Found a large runed translucent door.
 11517 | Gauntlet | Found a large runed translucent door.
 11550 | Gauntlet | Noticed a sea snake
 11550 | Gauntlet | a dream sheep changed into a sea snake
 11569 | Gauntlet | Noticed an orb spider
 11569 | Gauntlet | a sea snake changed into an orb spider
 11597 | Gauntlet | Noticed an oklob plant
 11598 | Gauntlet | Found a transporter.
 11683 | Gauntlet | Noticed a cyclops
 11683 | Gauntlet | a jumping spider changed into a cyclops
 11785 | Gauntlet | Killed a sixfirhy
 11786 | Gauntlet | Reached skill level 12 in Axes
 11820 | Gauntlet | Killed an oklob plant
 11832 | Gauntlet | Identified the +1 chain mail of Guiplo {Stlth+}
 11897 | Gauntlet | Identified the +0 helmet of Howling Wind {rF+ Will++}
 12069 | Gauntlet | Noticed a minotaur
 12077 | Gauntlet | Killed a minotaur
 12090 | Gauntlet | Identified the +0 tower shield of the Equator {rElec rCorr}
 12095 | Gauntlet | Identified the +6 tower shield of Negation {Stlth+}
 12095 | Gauntlet | Identified the +1 ring mail of Moral Flaws {rElec}
 12126 | Orc:2    | Reached XP level 12. HP: 63/112 MP: 12/12
 12540 | Orc:2    | Noticed an orc high priest
 12570 | Orc:2    | Gained mutation: Your spells are a little easier to cast,
                  | but a little less powerful. [a neqoxec]
 12693 | D:10     | Reached skill level 13 in Axes
 12728 | D:9      | Bought the ring of Asceticism {Int+2 Slay+4} for 1248 gold
                  | pieces
 12728 | D:9      | Bought an amulet of reflection for 420 gold pieces
 13104 | D:10     | Found a staircase to the Lair.
 13349 | D:11     | Noticed a vault guard
 13358 | D:11     | Killed a vault guard
 13465 | Orc:2    | Noticed a sun demon
 13471 | Orc:2    | Killed an orc high priest
 13706 | Orc:2    | Noticed an orc high priest
 13709 | Orc:2    | Noticed an orc high priest
 13713 | Orc:2    | Noticed an orc high priest
 13713 | Orc:2    | Noticed an orc high priest
 13991 | Orc:2    | Noticed a soul eater
 13991 | Orc:2    | Killed an orc high priest
 14002 | Orc:2    | Killed an orc high priest
 14028 | Orc:2    | Reached skill level 14 in Axes
 14041 | Orc:2    | Noticed a sun demon
 14044 | Orc:2    | Killed an orc high priest
 14045 | Orc:2    | Reached XP level 13. HP: 86/122 MP: 13/13
 14082 | Orc:2    | Found Jiblae's Antique Weapon Shop.
 14082 | Orc:2    | Found Maopsaeth's General Store.
 14083 | Orc:2    | Found Zantapp's General Store.
 14083 | Orc:2    | Found Haker's Weapon Shop.
 14167 | Orc:2    | Bought a +0 broad axe for 72 gold pieces
 14168 | Orc:2    | Bought 3 scrolls of teleportation for 90 gold pieces
 14168 | Orc:2    | Bought a scroll of teleportation for 30 gold pieces
 14168 | Orc:2    | Bought a potion of heal wounds for 50 gold pieces
 14597 | Orc:1    | Found a roughly hewn altar of Beogh.
 14651 | Orc:1    | Found Keulurich's Book Shop.
 15218 | D:11     | Noticed Nergalle
 15243 | D:11     | Killed Nergalle
 15420 | D:11     | HP: 1/123 [meliai/divine providence (13)]
 15907 | D:9      | Bought the ring of Nitinus {+Blink rPois Int+2 Stlth+} for
                  | 574 gold pieces
 15964 | Lair:1   | Entered Level 1 of the Lair of Beasts
 16253 | Lair:1   | Reached skill level 15 in Axes
 16280 | Lair:1   | Found a runed translucent door.
 16283 | Lair:1   | Noticed PhantomBowie's ghost (journeyman GrBe)
 16720 | Lair:1   | Killed PhantomBowie's ghost
 16788 | Lair:2   | Found a staircase to the Swamp.
 16876 | Lair:2   | Reached XP level 14. HP: 61/133 MP: 14/14
 17293 | Lair:2   | Identified the +1 robe "Areibliv" {rCorr Int+4}
 17294 | Lair:2   | Found a staircase to the Snake Pit.
 17626 | Lair:2   | Identified the +7 short sword of Severance {flame, Fragile
                  | +Blink Str+9 Int+4}
 18065 | Lair:2   | Bought a shiny chain mail for 232 gold pieces
 18065 | Lair:2   | Bought a bloodstained scale mail for 279 gold pieces
 18065 | Lair:2   | Identified the +1 scale mail of Feasting {rN+ Will+ Stlth+}
                  | (You bought it in a shop on level 2 of the Lair of Beasts)
 18065 | Lair:2   | Bought a pair of glowing boots for 232 gold pieces
 18065 | Lair:2   | Bought a warped scale mail for 279 gold pieces
 18065 | Lair:2   | Identified the +4 scale mail "Juoczo" {Fly Dex+3 Stlth+}
                  | (You bought it in a shop on level 2 of the Lair of Beasts)
 18367 | Lair:3   | Reached skill level 15 in Fighting
 18367 | Lair:3   | Reached skill level 16 in Axes
 18438 | Lair:3   | Found a dark tunnel.
 18457 | Volcano  | Entered a volcano
 19884 | Lair:4   | Noticed Nessos
 19891 | Lair:4   | Noticed Snorg
 19894 | Lair:4   | Killed Nessos
 19911 | Lair:4   | Killed Snorg
 20743 | Lair:5   | Entered Level 5 of the Lair of Beasts
 20743 | Lair:5   | Found a viscous altar of Jiyva.
 20743 | Lair:5   | Found a staircase to the Slime Pits.
 20960 | Lair:5   | Found a sparkling altar of Nemelex Xobeh.
 20965 | Lair:5   | Noticed Kirke
 20975 | Lair:5   | Reached skill level 17 in Axes
 20975 | Lair:5   | Reached XP level 15. HP: 123/143 MP: 15/15
 20986 | Lair:5   | Killed Kirke
 21490 | Lair:5   | Reached skill level 15 in Shields
 21500 | Lair:5   | Reached skill level 15 in Armour
 22084 | Lair:5   | Bought a pair of spiked boots for 247 gold pieces
 22084 | Lair:5   | Identified the +1 pair of boots "Luracadgh" {Str+5 Int+4}
                  | (You bought it in a shop on level 5 of the Lair of Beasts)
 22084 | Lair:5   | Bought a jewelled plate armour for 728 gold pieces
 22084 | Lair:5   | Identified the +7 plate armour "Uwiazuku" {Stlth+} (You
                  | bought it in a shop on level 5 of the Lair of Beasts)
 22736 | D:11     | Found a portal to a secret trove of treasure.
 22953 | D:12     | Noticed Urug
 22963 | D:12     | Killed Urug
 22981 | D:12     | Noticed Maurice
 23024 | D:12     | Killed Maurice
 23464 | D:13     | Reached skill level 18 in Axes
 23528 | D:13     | Acquired 373 gold pieces
 23639 | D:13     | Found a gate to the Vaults.
 23732 | D:13     | Reached XP level 16. HP: 155/155 MP: 16/16
 24660 | D:14     | You fall into a shaft and drop 1 floor!
 24660 | D:15     | Entered Level 15 of the Dungeon
 25061 | D:15     | Found a staircase to the Depths.
 25206 | D:14     | Found a shimmering altar of Xom.
 25209 | D:14     | Found an opulent altar of Gozag.
 25209 | D:14     | Found a blossoming altar of Fedhas.
 25211 | D:14     | Found an ornate altar of the Wu Jian Council.
 25211 | D:14     | Found a shimmering altar of Xom.
 25211 | D:14     | Found a sacrificial altar of Ru.
 25674 | D:15     | Found the +9 heavy crossbow "Sniper" {vorpal, Acc+∞ SInv}
 25750 | D:15     | Reached skill level 19 in Axes
 26141 | D:15     | Bought a shimmering war axe for 365 gold pieces
 26141 | D:15     | Identified the +7 war axe "Woes" {speed, rF+} (You bought
                  | it in a shop on level 15 of the Dungeon)
 26141 | D:15     | Bought a masterwork war axe for 365 gold pieces
 26141 | D:15     | Identified the +7 war axe of Loifink {drain, rC+ rN+ rCorr}
                  | (You bought it in a shop on level 15 of the Dungeon)
 26278 | Elf:1    | Entered Level 1 of the Elven Halls
 27528 | Elf:1    | Reached XP level 17. HP: 89/165 MP: 17/17
 27921 | Elf:1    | Identified the +1 hat of Xiph {Int+4}
 28701 | Elf:2    | Paralysed by an air elemental for 1 turns
 28835 | Elf:2    | Found a huge runed translucent gate.
 28835 | Elf:2    | Found a huge runed translucent gate.
 28835 | Elf:2    | Found a huge runed translucent gate.
 28835 | Elf:2    | Found a huge runed translucent gate.
 28840 | Elf:2    | Found a huge runed translucent gate.
 29512 | Elf:2    | Reached skill level 20 in Axes
 30692 | Elf:3    | Entered Level 3 of the Elven Halls
 30904 | Elf:3    | Found a magical portal.
 30918 | WizLab   | Entered Tukima's Studio
 31230 | WizLab   | Noticed p00ps00p's illusion
 31253 | WizLab   | Noticed p00ps00p's illusion
 31300 | WizLab   | Identified the +0 ring mail of the Blizzard {Harm}
 31305 | WizLab   | Got the Atlas of Charms
 31346 | WizLab   | Noticed a walking divine tome
 31360 | WizLab   | Killed a walking divine tome
 31368 | WizLab   | Identified the +0 hat of the Queens {+Blink rC+ Stlth-}
 31787 | WizLab   | Noticed a walking frostbound tome
 31803 | WizLab   | Killed a walking frostbound tome
 31804 | WizLab   | Reached XP level 18. HP: 157/176 MP: 18/18
 32705 | Elf:3    | Noticed a deep elf master archer
 32706 | Elf:3    | Reached skill level 21 in Axes
 32708 | Elf:3    | Killed a deep elf master archer
 32715 | Elf:3    | Noticed a deep elf blademaster
 32719 | Elf:3    | Noticed a Brimstone Fiend
 33591 | Elf:3    | Killed a deep elf blademaster
 33800 | Elf:3    | Noticed a deep elf blademaster
 33814 | Elf:3    | Killed a deep elf blademaster
 33852 | Elf:3    | Identified the +6 quarterstaff "Xuegaer" {drain, rPois rC++
                  | rN+}
 33864 | Elf:3    | Noticed a deep elf master archer
 33869 | Elf:3    | Killed a deep elf master archer
 33974 | Elf:3    | Identified the +0 robe "Xoafum" {Str+4}
 34140 | Elf:3    | Identified the +8 plate armour "Moleg" {*Corrode +Blink
                  | Will+ Dex+4}
 34140 | Elf:3    | Noticed a deep elf master archer
 34144 | Elf:3    | Killed a deep elf master archer
 34151 | Elf:3    | Identified the +8 great sword "Qamuuc" {flame, rF++}
 34153 | Elf:3    | Identified the +11 mace of Dowdy Gallantry {venom, rC+
                  | Int+2}
 35229 | Swamp:1  | Entered Level 1 of the Swamp
 35229 | Swamp:1  | Noticed a tentacled monstrosity
 35248 | Lair:2   | Bought 2 scrolls of teleportation for 66 gold pieces
 35248 | Lair:2   | Bought a scroll of fear for 44 gold pieces
 35248 | Lair:2   | Bought a scroll of enchant armour for 82 gold pieces
 35248 | Lair:2   | Bought a scroll of magic mapping for 82 gold pieces
 35377 | Swamp:1  | Noticed VictoriousLee's ghost (adept GrEE)
 35384 | Swamp:1  | Found a runed translucent gate.
 35384 | Swamp:1  | Found a runed translucent gate.
 35384 | Swamp:1  | Found a runed translucent gate.
 36580 | Swamp:2  | Found a runed translucent gate.
 36581 | Swamp:2  | Found a runed translucent gate.
 36582 | Swamp:2  | Found a runed translucent gate.
 36582 | Swamp:2  | Noticed wingedge's ghost (adept DgEE)
 36627 | Swamp:2  | Reached XP level 19. HP: 182/187 MP: 19/19
 37147 | Swamp:2  | Killed wingedge's ghost
 37170 | Swamp:2  | Identified the +8 halberd of the Conjuring Gods {vamp,
                  | *Noise Fly rElec Int+2}
 37371 | Swamp:3  | Noticed Donald
 37394 | Swamp:2  | Killed Donald
 38090 | Swamp:3  | Reached skill level 22 in Axes
 38519 | Swamp:4  | Entered Level 4 of the Swamp
 40128 | Swamp:4  | Found a blossoming altar of Fedhas.
 40299 | Swamp:4  | Found a basalt altar of Yredelemnul.
 40316 | Swamp:4  | Got a decaying rune of Zot
 40591 | Swamp:4  | Identified the +11 eveningstar "Embalmer" {holy, *Rage
                  | rPois Will+ Int+3}
 41025 | Snake:1  | Entered Level 1 of the Snake Pit
 41028 | Snake:1  | Bought a scroll of teleportation for 39 gold pieces
 41028 | Snake:1  | Bought a scroll of blinking for 97 gold pieces
 41028 | Snake:1  | Bought a scroll of teleportation for 39 gold pieces
 41028 | Snake:1  | Bought a scroll of magic mapping for 97 gold pieces
 41028 | Snake:1  | Bought a scroll of summoning for 123 gold pieces
 41319 | Snake:1  | Found a large runed translucent door.
 41319 | Snake:1  | Found a large runed translucent door.
 41324 | Snake:1  | Noticed Kicir's ghost (adept GnFi)
 41532 | Snake:1  | Found Papabergha's Mass Market.
 41984 | Snake:1  | Killed Kicir's ghost
 42028 | Snake:2  | Noticed Nikola
 42044 | Snake:1  | Killed Nikola
 42045 | Snake:1  | Reached XP level 20. HP: 156/198 MP: 20/20
 42209 | Snake:2  | Found a snail-covered altar of Cheibriados.
 42233 | Snake:2  | Identified Roxanne's Handbook of Permutations
 42233 | Snake:2  | Noticed Roxanne
 42245 | Snake:2  | Noticed Vashnia
 42594 | Snake:2  | Reached skill level 23 in Axes
 42638 | Snake:2  | Killed Vashnia
 42708 | Snake:2  | Killed Roxanne
 42879 | Snake:2  | Noticed Jorgrun
 42896 | Snake:2  | Killed Jorgrun
 43209 | Snake:2  | Noticed Aizul
 43220 | Snake:2  | Killed Aizul
 43557 | Snake:3  | Found a glowing silver altar of Zin.
 43601 | Snake:3  | Found Roh Kou's Weapon Emporium.
 43604 | Snake:3  | Found Ruhyo's Armour Emporium.
 43604 | Snake:3  | Found Ivveajag's Assorted Antiques.
 43616 | Snake:3  | Found Miomagg's Weapon Shoppe.
 43676 | Snake:3  | Bought a potion of curing for 66 gold pieces
 43676 | Snake:3  | Bought a runed helmet for 165 gold pieces
 43676 | Snake:3  | Bought a scroll of teleportation for 66 gold pieces
 43676 | Snake:3  | Bought a potion of curing for 66 gold pieces
 44511 | Snake:4  | Entered Level 4 of the Snake Pit
 44689 | Snake:4  | Bought a scroll of teleportation for 51 gold pieces
 44689 | Snake:4  | Bought a scroll of fear for 68 gold pieces
 44689 | Snake:4  | Bought a scroll of teleportation for 51 gold pieces
 46057 | Snake:4  | Reached XP level 21. HP: 209/209 MP: 21/21
 46166 | Snake:4  | Reached skill level 24 in Axes
 46429 | Snake:4  | Got a serpentine rune of Zot
 47013 | Vaults:1 | Entered Level 1 of the Vaults
 48065 | Vaults:1 | Found Ruskanap's General Store.
 48070 | Vaults:1 | Bought a potion of haste for 130 gold pieces
 48070 | Vaults:1 | Bought a scroll of blinking for 97 gold pieces
 49096 | Vaults:2 | Found a crumbling gateway.
 49119 | Desolati | Entered the Desolation of Salt
 49157 | Desolati | Reached XP level 22. HP: 185/220 MP: 22/22
 49293 | Desolati | Identified the +1 robe "Cyhibir" {rF+}
 49306 | Desolati | Got the Book of Cold
 49310 | Desolati | Identified the +0 plate armour of Lilacs {Rampage MP+9}
 49485 | Desolati | Reached skill level 25 in Axes
 49502 | Desolati | Identified the ring "Zigytuutt" {rPois Int+6 Slay+4}
 49536 | Desolati | Identified the +2 robe of the Game Afoot {rElec}
 49540 | Desolati | Got the Discourse on Generation
 49548 | Desolati | Identified the ring "Kiuneipn" {rElec rPois Str+4}
 50014 | Desolati | Found the +3 pair of gauntlets of War {Slay+5}
 50133 | Desolati | Got the Spellbook of Conflagration and Striking
 50173 | Desolati | Got Faineeso's Directory of the Pestilent Iceberg
 50461 | Vaults:2 | Found a staircase to the Crypt.
 50752 | Vaults:2 | Killed from afar by an ironbound thunderhulk

Illustrated notes

Levels and vault maps discovered:
D:1:      scummos_arrival_simple_crosswalls, layout_loops_ring,
          shapermc_ecumenical_altar_acropolis, hangedman_decor_growths
D:2:      layout_loops_ring, serial_forest, infiniplex_forest_clump_cross,
          infiniplex_forest_lined_1, infiniplex_forest_clump_double,
          infiniplex_forest_clump_cross, infiniplex_forest_lined_4_way,
          infiniplex_forest_lined_corner, infiniplex_forest_straight_4,
          infiniplex_forest_clump_tiny, infiniplex_forest_end_3,
          infiniplex_forest_straight_5, nicolae_titane
D:3:      cheibrodos_old_hovel, layout_loops_cross, grunt_temple_overflow_open,
          gup_sewer_entry_bowl, amcnicky_mini_rare_corridor_liquid, uniq_grinder
D:4:      layout_basic, nicolae_overflow_crystal_walls, serial_shops, shop,
          minmay_shop_enchanted_jewellery, grunt_ministairs_13
D:5:      layout_cave_pools, kennysheep_little_box,
          minmay_temple_entry_drinking_statues, nicolae_ossuary_entry_monument,
          uniq_eustachio, uniq_blork_the_orc, uniq_edmund
D:6:      layout_basic
D:7:      layout_loops_ring, uniq_menkaure
D:8:      layout_basic, lemuel_round_altar
D:9:      layout_roguey, mainiacjoe_overflow_alcove_1, gammafunk_ghost_grave,
          kennysheep_island_fort, uniq_joseph
D:10:     layout_long_grid, david_lair_shrubbed, orc_0_dummy, serial_shops, shop
D:11:     layout_long_grid, enter_trove_5, uniq_nergalle
D:12:     layout_big_octagon, uniq_urug, uniq_maurice
D:13:     layout_loops_ring, grunt_vaults_entry_fortified, nooodl_orcs_dogs
D:14:     layout_stronghold, doesnt_xom_only_xom
D:15:     gammafunk_depths_entry_grave, layout_basic, minmay_crystal_water
Temple:   nicolae_temple_bog_church
Lair:1:   layout_chaotic_city, ebering_ghost_inner_flame
Lair:2:   layout_gridlike, swamp_mist_pool, guppyfry_snake_entry_garden,
          bobbens_dragon_lair_wall
Lair:3:   layout_hall_layers, nicolae_volcano_entry_s_turn
Lair:4:   layout_roguey, serial_bayou_shore_b, lemuel_fruit_tree,
          grunt_megastairs_3, uniq_snorg, uniq_nessos
Lair:5:   evilmike_catoblepas_cave, layout_long_grid,
          minmay_slime_entry_pillars, basic_altar, guppyfry_lair_drakes,
          uniq_kirke
Swamp:1:  layout_falls_marsh, gammafunk_ghost_split, hangedman_swamp_ruin_wall
Swamp:2:  layout_falls_marsh, gammafunk_ghost_hydra_chop, hangedman_swamp_pad,
          swamp_pool1, nicolae_swamp_stair_fork, nicolae_swamp_trees_clearing,
          st_shrine_of_shade
Swamp:3:  cheibrodos_swamp_heart_of_darkness, layout_basic_swamp,
          nicolae_swamp_decorative_isthmus, infiniplex_staircase_pool,
          uniq_donald
Swamp:4:  byrel_swamp_growth_death_and_undeath, layout_basic_swamp
Snake:1:  layout_basic, ebering_ghost_disaster_area, grunt_ministairs_6,
          minmay_shop_mass
Snake:2:  layout_rooms, basic_altar, nicolae_coiled_stairwell_up, uniq_aizul,
          uniq_vashnia, uniq_jorgrun, uniq_nikola, uniq_roxanne
Snake:3:  layout_grid_maze, basic_altar, minmay_shoptagon
Snake:4:  snake_pit_salamanders_mu, layout_layer_cave, grunt_ministairs_5,
          serial_bayou_pond_b, serial_bayou_shore_a
Orc:1:    layout_caves, basic_altar, serial_shops, nicolae_shop_trees,
          statue_in_the_mist_lemuel
Orc:2:    st_orc_pillars, layout_diamond_mine, gauntlet_entry_generic
Elf:1:    minmay_elf_arrival_plus, layout_onion_city, minivault_28
Elf:2:    elven_hall_of_blades_hangedman_alternative [grunt_blade_entry_basic],
          layout_rooms
Elf:3:    minmay_elf_hall_furrowed, layout_loops_cross, mu_enter_wizlab_4
Vaults:1: v_misc_19, vaults_mumra_hex, nicolae_vaults_border_crossing,
          vaults_room_guarded_vault, layout_vaults_quadrants, serial_shops,
          nicolae_shop_hallway_stairs
Vaults:2: portal_desolation_entry_salt, minmay_crypt_entry_simple_statues,
          vaults_standard_mumra_lines, vaults_dpeg_hooks, st_spiral_rooms,
          nicolae_vaults_bisected_inception, v_misc_25, dpeg_vaults_monster_box,
          hangedman_vaults_nodes, hangedman_vaults_restitches,
          ontoclasm_vaults_misaligned, v_misc_19, v_misc_16, v_misc_25,
          layout_vaults_omnicross

Skill      XL: |  1  2  3  4  5  6  7  8  9 10 11 12 13 14 15 16 17 18 19 20 21 22 |
---------------+-------------------------------------------------------------------+-----
Axes           | 3 4 5 6 7 9 11 12 14 15 17 18 19 20 21 22 23 24 25 | 25.3
Fighting       | 4 5 6 7 9 10 11 13 14 15 17 18 19 20 21 22 23 | 23.6
Armour         | 4 5 6 8 9 11 12 13 14 15 16 17 18 19 20 21 | 21.9
Shields        | 4 5 6 8 9 10 12 13 14 15 16 17 18 19 20 21 | 21.9

Action                   |  1- 3 |  4- 6 |  7- 9 | 10-12 | 13-15 | 16-18 | 19-21 | 22-24 || total
-------------------------+-------+-------+-------+-------+-------+-------+-------+-------++-------
Melee: War axe           |    46 |    69 |   216 |   431 |   765 |  1028 |  1476 |   272 ||  4303
       Hand axe          |       |       |       |       |   135 |    19 |   197 |       ||   351
Invok: Call Merchant     |       |       |       |     1 |     2 |     3 |     2 |       ||     8
Evoke: Wand              |       |       |     2 |     4 |       |     5 |     4 |       ||    15
  Use: Scroll            |     5 |     6 |     5 |    15 |    13 |    14 |     5 |     2 ||    65
       Potion            |       |     1 |       |     4 |     3 |     8 |     6 |       ||    22
 Stab: Distracted        |       |       |       |     4 |    10 |     6 |    14 |     2 ||    36
       Sleeping          |       |       |       |       |     1 |       |       |       ||     1
Armor: Scale mail        |    28 |    24 |    81 |       |       |       |       |       ||   133
       Chain mail        |       |       |    28 |   229 |   190 |       |       |       ||   447
       Plate armour      |       |       |       |       |    41 |   353 |   675 |    40 ||  1109
Dodge: Dodged            |    33 |    28 |    84 |   112 |    87 |   104 |   221 |    15 ||   684
Block: Buckler           |     9 |    12 |    52 |    87 |       |       |       |       ||   160
       Tower shield      |       |       |       |   227 |   918 |  1038 |  1825 |   224 ||  4232
       Reflection        |       |       |       |     3 |    35 |   116 |   185 |     2 ||   341
